 Dungeon Crawl Stone Soup version 0.22.1-2-g9c5b331383 (webtiles) character file.

244036 1492 the Slayer (level 19, -1/189 HPs)
             Began as a Minotaur Warper on Nov 22, 2018.
             Was a Priest of Elyvilon.
             Slain by a titan (31 damage)
             ... on level 5 of the Depths.
             The game lasted 02:34:52 (41445 turns).

1492 the Slayer (Minotaur Warper)                  Turns: 41445, Time: 02:34:53

Health: -1/189     AC: 34    Str: 25    XL:     19   Next: 47%
Magic:  0/29       EV:  9    Int: 10    God:    Elyvilon [***...]
Gold:   1601       SH:  0    Dex:  9    Spells: 16/20 levels left

rFire    + + .     SeeInvis +   a - +1 broad axe (elec)
rCold    + . .     Gourm    .   (no shield)
rNeg     . . .     Faith    +   k - +0 gold dragon scales
rPois    +         Spirit   +   P - +2 hat
rElec    .         Reflect  .   J - scarf {Spirit}
rCorr    .         Harm     .   S - +2 pair of gloves
MR       +....                  o - +2 pair of boots
Stlth    ..........             Q - amulet of faith {!P}
HPRegen  0.41/turn              Y - +4 ring of protection
MPRegen  0.21/turn              X - ring of the Neverending Cities {rF+ EV+2 SInv}

@: about to teleport, protection
A: retaliatory headbutt, horns 2
a: Lesser Healing, Heal Other, Purification, Divine Protection, Renounce
Religion


You were on level 5 of the Depths.
You worshipped Elyvilon.
Elyvilon was most pleased with you.
You were not hungry.

You visited 3 branches of the dungeon, and saw 21 of its levels.
You also visited: Ossuary and Ice Cave.

You collected 2893 gold pieces.
You spent 1292 gold pieces at shops.

Inventory:

Hand Weapons
 a - a +1 broad axe of electrocution (weapon)
 d - a +2 battleaxe of freezing
 t - the +8 lance "Wyrmbane" {slay drac, rPois rF+ rC+ AC+3}
   (You found it on level 4 of the Depths)

   It affects your AC (+3).
   It protects you from fire.
   It protects you from cold.
   It protects you from poison.
 z - a +1 dire flail of protection
 L - a +3 broad axe
Missiles
 M - 7 throwing nets (quivered) {!f}
Armour
 j - a +3 plate armour of positive energy
 k - +0 gold dragon scales (worn)
 o - a +2 pair of boots (worn)
 q - a +2 shield of positive energy
 r - +2 fire dragon scales
 s - the +4 ring mail "Zuxkis" {rElec}
   (You found it on level 4 of the Dungeon)

   It insulates you from electricity.
 x - +0 ice dragon scales
 y - a +1 shield of protection
 J - a scarf of spirit shield (worn)
 P - a +2 hat (worn)
 S - a +2 pair of gloves (worn)
 W - quicksilver dragon scales
Jewellery
 h - an uncursed amulet of regeneration
 p - an uncursed ring of poison resistance
 B - an uncursed ring of flight
 Q - an amulet of faith (around neck) {!P}
 U - an uncursed ring of resist corrosion
 X - the ring of the Neverending Cities (right hand) {rF+ EV+2 SInv}
   (You found it on level 9 of the Dungeon)

   [ring of evasion]

   It affects your evasion (+2).
   It protects you from fire.
   It lets you see invisible.
 Y - a +4 ring of protection (left hand)
Wands
 w - a wand of disintegration (13)
 I - a wand of iceblast (12)
Scrolls
 g - 9 scrolls of remove curse {@r2}
 m - 3 scrolls of teleportation {!d}
 n - 3 scrolls of enchant weapon
 D - a scroll of holy word
 E - a scroll of enchant armour
 H - a scroll of fog
 K - 3 scrolls of blinking
 T - a scroll of identify {@r1}
 Z - a scroll of magic mapping
Potions
 b - 4 potions of ambrosia {!q}
 c - 7 potions of curing {@q1}
 e - a potion of cancellation {!q}
 i - 3 potions of brilliance
 v - a potion of lignification {!q}
 A - 3 potions of flight
 C - a potion of mutation {!q}
 G - 5 potions of magic {!q}
 N - 3 potions of heal wounds
 O - a potion of haste {!q}
 R - a potion of invisibility {!q}
Miscellaneous
 f - a lightning rod (4/4) {!a}
 u - a lamp of fire
Comestibles
 l - 15 rations {!d}
 F - 3 chunks of flesh


   Skills:
 + Level 21.0 Fighting
 - Level 17.3(18.0) Axes
 - Level 9.4(14.3) Maces & Flails
 - Level 1.0 Throwing
 + Level 16.9 Armour
 - Level 3.0 Dodging
 - Level 15.0 Shields
 - Level 1.3 Spellcasting
 - Level 2.1 Translocations
 - Level 15.0 Invocations
 - Level 7.0 Evocations


You had 16 spell levels left.
You knew the following spells:

 Your Spells              Type           Power        Failure   Level  Hunger
l - Blink                 Tloc           N/A          99%         2    ###....
w - Passwall              Tmut/Erth      #.......     100%        2    ###....

Your spell library contained the following spells:

 Spells                   Type           Power        Failure   Level  Hunger
 Corona                   Hex            #......      100%        1    ##.....
 Freeze                   Ice            #...         100%        1    ##.....
 Magic Dart               Conj           #...         100%        1    ##.....
 Sandblast                Erth           #.....       100%        1    ##.....
 Call Imp                 Summ           #.......     100%        2    ###....
 Corpse Rot               Necr           N/A          100%        2    ###....
 Ensorcelled Hibernation  Hex/Ice        #.....       100%        2    ###....
 Shroud of Golubria       Chrm/Tloc      #.........   100%        2    ###....
 Slow                     Hex            #.......     100%        2    ###....
 Throw Frost              Conj/Ice       #.....       100%        2    ###....
 Confuse                  Hex            #.......     100%        3    ####...
 Conjure Flame            Conj/Fire      #.......     100%        3    ####...
 Dazzling Spray           Conj/Hex       #.....       100%        3    ####...
 Gell's Gravitas          Tloc           #.........   100%        3    ####...
 Lesser Beckoning         Tloc           #.........   100%        3    ####...
 Mephitic Cloud           Conj/Pois/Air  #.......     100%        3    ####...
 Ozocubu's Armour         Chrm/Ice       #.......     100%        3    ####...
 Stone Arrow              Conj/Erth      #.....       100%        3    ####...
 Teleport Other           Tloc           #.......     100%        3    ####...
 Tukima's Dance           Hex            #.......     100%        3    ####...
 Vampiric Draining        Necr           #.........   100%        3    ####...
 Ice Form                 Ice/Tmut       #.......     100%        4    #####..
 Passage of Golubria      Tloc           N/A          100%        4    #####..
 Petrify                  Tmut/Erth      #.......     100%        4    #####..
 Summon Ice Beast         Ice/Summ       #.......     100%        4    #####..
 Throw Icicle             Conj/Ice       #.......     100%        4    #####..
 Dispel Undead            Necr           #.......     100%        5    ######.
 Lee's Rapid Deconstruct  Erth           #.........   100%        5    ######.
 Metabolic Englaciation   Hex/Ice        #.........   100%        5    ######.
 Bolt of Cold             Conj/Ice       #.........   100%        6    #######
 Death Channel            Necr           #.........   100%        6    #######
 Freezing Cloud           Conj/Ice/Air   #.........   100%        6    #######
 Ozocubu's Refrigeration  Ice            #.........   100%        6    #######
 Simulacrum               Ice/Necr       #.........   100%        6    #######


Dungeon Overview and Level Annotations

Branches:
Dungeon (15/15)            Temple (1/1) D:6            Lair (0/6) D:8
    Orc (0/2) D:10         Vaults (0/5) D:13         Depths (5/5) D:15
    Zot (0/5) Depths:5

Altars:
Ashenzari
Cheibriados
Dithmenos
Elyvilon
Fedhas
Gozag
Hepliaklqana
Kikubaaqudgha
Makhleb
Nemelex Xobeh
Okawaru
Qazlal
Ru
Sif Muna
Trog
Uskayaw
Vehumet
Wu Jian
Xom
Yredelemnul
Zin
The Shining One

Shops:
D:11 *   Depths:1 *   Depths:3 ?

Portals:
Hell: Depths:1 Depths:2 Depths:3 Depths:4 Depths:5
Abyss: Depths:4
Pandemonium: Depths:2 Depths:3
Ziggurat: Depths:4

Annotations:
D:3 exclusion: downstairs
D:8 exclusion: downstairs
D:9 exclusion: downstairs
D:10 josephine, exclusion: downstairs, Josephine
D:11 , ! ghost vault cent warr, ghost petrify, shop
D:15 3 runed doors, bananovenc's ghost, journeyman GrBe
Depths:1 Sojobo


Innate Abilities, Weirdness & Mutations

You reflexively headbutt those who attack you in melee.
You have a pair of horns on your head.


Message History

a dire flail; a dire flail of holy wrath The spark wasp bursts into living lightning!
The living lightning hits you!
The spark wasp blinks! x2
Found a ration, a potion of degeneration and a scale mail.
There is an open door here.
Damage: -6%(-13hp) hp: 94%(176hp)
The spark wasp stings you but does no damage.
Found a lamp of fire.
Unknown command.
The spark wasp closely misses you.
There is an open door here.
You completely miss the spark wasp. The spark wasp stings you!
The spark wasp shocks you!
Damage: -10%(-19hp) hp: 84%(157hp)
You slice the spark wasp!!
The spark wasp is moderately wounded.
The spark wasp stings you but does no damage.
You hit the spark wasp but do no damage.
The spark wasp is moderately wounded.
The spark wasp completely misses you. You furiously retaliate!
You headbutt the spark wasp! You slice the spark wasp!!
The spark wasp is almost dead.
The spark wasp misses you.
You closely miss the spark wasp.
The spark wasp is almost dead.
The spark wasp barely misses you.
You closely miss the spark wasp.
You headbutt the spark wasp, but do no damage.
The spark wasp is almost dead.
The spark wasp stings you! The spark wasp shocks you!
Damage: -13%(-24hp) hp: 71%(134hp)
You closely miss the spark wasp.
The spark wasp is almost dead.
The spark wasp bursts into living lightning!
The living lightning hits you! x2; The spark wasp blinks!
A titan comes into view.
The titan shouts!
Found a metal-bound book.
Damage: -8%(-16hp) hp: 63%(118hp)
You closely miss the spark wasp.
The spark wasp is severely wounded.
The spark wasp stings you! The spark wasp shocks you!
Damage: -12%(-22hp) hp: 51%(96hp)
You are too injured to fight recklessly!
You are too injured to fight recklessly!
You are too injured to fight recklessly!
Unknown command.
Unknown command.
Press: ? - help, Dir - move target cursor, f - spark wasp Heal: a spark wasp (severely wounded)
The spark wasp turns neutral.
You heal the spark wasp.
The spark wasp is moderately wounded.
You feel somewhat more hungry. The spark wasp stings you!
* * * LOW HITPOINT WARNING * * *
The spark wasp shocks you!
* * * LOW HITPOINT WARNING * * *
The spark wasp stings you but does no damage.
Huge Dmg: -10%(-20hp) hp: 41%(76hp)
There is an open door, spattered with blood here.
Unknown command.
The titan points at you and mumbles some strange words.
The bolt of lightning hits you!
* * * LOW HITPOINT WARNING * * *
The bolt of lightning hits you!
* * * LOW HITPOINT WARNING * * *
Huge Dmg: -37%(-69hp) hp: 4%(7hp) Unknown command.
You beseech Elyvilon to protect your life.
Unknown command.
Which direction?
As you close the door, it creaks loudly!
Unknown command.
There is an open door, spattered with blood here.
Things that are here:
a dire flail; a dire flail of holy wrath Unknown command.
You feel much better.
Unknown command.
The titan waves its arms in wide circles.
The air twists around and strikes you!
* * * LOW HITPOINT WARNING * * *
Huge Dmg: -11%(-21hp) hp: 7%(12hp)
Okay, then.
You feel much better.
Unknown command.
Unknown command.
Evoke which item? (* to show all) (? for menu, Esc to quit)
Okay, then.
Okay, then.
Evoke which item? (* to show all) (? for menu, Esc to quit)
Okay, then.
As you read the scroll of teleportation {!d}, it crumbles to dust.
You feel strangely unstable. The titan hits you!!
* * * LOW HITPOINT WARNING * * *
Huge Dmg: -8%(-16hp) hp: 11%(19hp)
Okay, then.
You are healed.
You feel somewhat more hungry. The titan hits you!!
You die...

...#...#......##≈.... #.##
..............##≈[.# #...#.
################≈..##.=....
###.###########≈##.....".#
......##≈≈§≈§≈≈###+.....##
#..##.##≈..§...##.#'...##
.......#≈...#...)#..'..## #.
#.##..##≈...#....C#.#'......
......##≈.##....@.'..##....
#.#.#.##≈(......<..'###≈§≈≈
##+#÷######'#'#.....##≈####
#.#.#.####.#.###)....§##########
#......#......#'.....≈##.......#
#..##.#+#..P⌠.[#..##§§##..<....#
#.#.#..#..P8..#+.#...≈##.<.<..##
#.##..#'#.⌠P..)#[#..§§##......#
#......#......##..[..≈##..#..##


You could see a titan.

Vanquished Creatures
  4 juggernauts (Depths:5)
  An ancient lich (Depths:3)
  3 golden dragons
  Saint Roka (Depths:1)
  8 tentacled monstrosities
  6 liches
  A titan (Depths:5)
  Asterion (Depths:1)
  4 quicksilver dragons
  5 sphinxes
  5 shadow dragons
  7 tengu reavers
  A deep elf sorcerer (Depths:5)
  7 frost giants
  8 fire giants
  A draconian knight (Depths:5)
  A deep elf elementalist (Depths:5)
  2 spriggan defenders (Depths:5)
  16 stone giants
  2 deep elf demonologists
  7 vampire knights
  7 very ugly things (Depths:4)
  Azrael (D:13)
  5 spark wasps
  9 ettins
  A deep elf death mage (Depths:3)
  8 fire dragons
  The ghost of Valentain the Tainter, a journeyman MfVM of Ashenzari (D:11)
  5 rakshasas
  3 deep elf high priests
  9 great orbs of eyes
  4 yaktaur captains
  2 vault guards (D:13)
  A hydra (D:15)
  10 ice dragons
  2 spriggan air magi
  19 two-headed ogres
  A satyr (shapeshifter) (Depths:3)
  7 centaur warriors
  A two-headed ogre (shapeshifter) (D:14)
  6 deep troll shamans
  4 ogre magi
  8 deep troll earth magi
  7 vampire magi
  2 hell hogs (Depths:2)
  A spriggan berserker (Depths:5)
  A soul eater (Depths:3)
  3 iron trolls
  2 skeletal warriors (Depths:3)
  4 glowing orange brains
  13 deep trolls
  3 unseen horrors
  2 flayed ghosts (Depths:3)
  A sea snake (shapeshifter) (Depths:5)
  2 wizards
  3 necromancers
  2 deep elf magi (Depths:2)
  An iron dragon zombie (Depths:3)
  2 phantasmal warriors
  A sphinx zombie (Depths:3)
  A wolf spider zombie (D:14)
  13 ugly things
  6 cyclopes
  A faun (shapeshifter) (Depths:4)
  An orc sorcerer (Depths:1)
  A shadow dragon skeleton (Depths:3)
  A rust devil (Depths:3)
  2 manticores (shapeshifter)
  A salamander (shapeshifter) (Depths:5)
  A spriggan zombie (Depths:3)
  A frost giant skeleton (Depths:3)
  3 gargoyles
  An iron dragon skeleton (Depths:3)
  A torpor snail (shapeshifter) (Depths:5)
  2 centaur skeletons
  A spriggan skeleton (Depths:3)
  3 efreet (Depths:2)
  6 yaktaurs
  A freezing wraith (D:15)
  A troll (D:13)
  A tengu conjurer (Depths:2)
  7 hornets
  3 slime creatures (Depths:2)
  2 hippogriffs
  A water elemental (Depths:1)
  A wraith (D:10)
  3 yaks (D:13)
  6 spriggans
  A wyvern (D:12)
  A yak (shapeshifter) (Depths:4)
  19 humans
  3 hungry ghosts
  4 fire elementals
  4 vampire mosquitoes (D:15)
  An acid dragon (D:13)
  A water moccasin (D:9)
  A water moccasin (shapeshifter) (Depths:3)
  11 hell hounds
  2 floating eyes (Depths:5)
  An ice beast (D:10)
  3 sky beasts
  A phantom (D:11)
  11 orc warriors
  An eye of draining (D:14)
  3 ettin simulacra (Depths:2)
  2 black bears
  2 necrophages
  6 ogres
  16 centaurs
  6 bullfrogs
  5 big kobolds
  A wyvern skeleton (D:9)
  A water moccasin zombie (D:7)
  A scorpion (shapeshifter) (Depths:2)
  5 scorpions
  4 killer bees (D:10)
  3 howler monkeys (D:9)
  9 wights (D:13)
  10 centaur zombies
  6 crimson imps
  4 jellies
  4 quasits
  2 bullfrog zombies
  8 orc priests
  A bullfrog skeleton (D:11)
  7 hounds
  14 orc wizards
  3 iguanas
  10 worker ants
  3 big kobold zombies (Ossuary)
  4 mummies (Ossuary)
  3 worker ant zombies
  8 adders
  5 shadow imps
  12 white imps (D:12)
  A worm zombie (D:7)
  2 adder skeletons
  2 adder zombies
  A dart slug (D:2)
  7 leopard geckos
  60 orcs
  5 bats
  5 giant cockroaches
  3 goblins
  2 hobgoblins (D:2)
  5 jackals
  8 quokkas
  6 frilled lizards
  A giant cockroach zombie (D:5)
  3 hobgoblin zombies (Ossuary)
  27 kobolds
  3 rats
  A fungus (Depths:5)
  A plant (Depths:2)
703 creatures vanquished.

Vanquished Creatures (collateral kills)
  A frost giant (Depths:1)
  A fire dragon (Depths:1)
  A yaktaur (Depths:1)
  A water elemental (Depths:1)
4 creatures vanquished.

Vanquished Creatures (others)
  A spriggan defender (Depths:3)
  2 spriggans (Depths:4)
  A salamander (Depths:2)
  2 hornets (Depths:4)
  A yak (D:13)
  An orc priest (Depths:2)
  A worker ant zombie (D:11)
9 creatures vanquished.

Grand Total: 716 creatures vanquished

Notes
Turn   | Place    | Note
-------+----------+-------------------------------------------
     0 | D:1      | 1492 the Minotaur Warper began the quest for the Orb.
     0 | D:1      | Reached XP level 1. HP: 18/18 MP: 1/1
   557 | D:2      | Found a basalt altar of Yredelemnul.
   678 | D:2      | Reached XP level 2. HP: 25/25 MP: 3/3
   898 | D:2      | Reached skill level 3 in Fighting
  1041 | D:2      | Found a stormy altar of Qazlal.
  1084 | D:2      | Noticed a scorpion
  1098 | D:2      | Killed a scorpion
  1098 | D:2      | Reached XP level 3. HP: 18/31 MP: 4/4
  1286 | D:2      | Reached XP level 4. HP: 39/39 MP: 5/5
  1528 | D:3      | Reached skill level 4 in Fighting
  1544 | D:3      | Found a sacrificial altar of Ru.
  1685 | D:3      | Found a shadowy altar of Dithmenos.
  1792 | D:3      | Found an ancient bone altar of Kikubaaqudgha.
  1811 | D:3      | Reached skill level 1 in Maces & Flails
  2021 | D:3      | Reached XP level 5. HP: 43/47 MP: 6/6
  2042 | D:3      | Found an iron altar of Okawaru.
  2347 | D:3      | Reached skill level 5 in Fighting
  2556 | D:4      | Noticed a black bear
  2712 | D:4      | Found a sand-covered staircase.
  2851 | D:4      | Killed a black bear
  2851 | D:4      | Reached XP level 6. HP: 39/57 MP: 7/7
  2949 | D:4      | Reached skill level 6 in Fighting
  2998 | D:4      | Got a spiked ring mail
  3023 | D:4      | Identified the +4 ring mail "Zuxkis" {rElec} (You found it
                  | on level 4 of the Dungeon)
  3049 | D:4      | Found a shadowy altar of Dithmenos.
  3055 | D:4      | Found a hide-covered altar of Uskayaw.
  3304 | D:5      | Entered Level 5 of the Dungeon
  3417 | D:5      | Reached skill level 1 in Evocations
  3510 | D:5      | Reached XP level 7. HP: 61/64 MP: 8/8
  3713 | D:5      | Found a burning altar of Makhleb.
  4024 | D:6      | Reached skill level 5 in Maces & Flails
  4030 | D:6      | Reached skill level 7 in Fighting
  4297 | D:6      | Learned a level 2 spell: Blink
  4300 | D:6      | Learned a level 2 spell: Passwall
  4419 | D:6      | Reached XP level 8. HP: 63/73 MP: 8/10
  4484 | D:6      | Found a staircase to the Ecumenical Temple.
  4493 | Temple   | Entered the Ecumenical Temple
  4601 | Temple   | Became a worshipper of Elyvilon the Healer
  5006 | D:6      | Reached skill level 5 in Evocations
  5017 | D:6      | Found a shattered altar of Ashenzari.
  5277 | D:7      | Reached * piety under Elyvilon
  5327 | D:7      | Found a bloodstained altar of Trog.
  5412 | D:7      | Noticed a hippogriff
  5471 | D:7      | Found a sand-covered staircase.
  5515 | Ossuary  | Entered an ossuary
  5776 | Ossuary  | Reached skill level 8 in Fighting
  6085 | D:7      | Reached XP level 9. HP: 72/81 MP: 12/12
  6096 | D:7      | Reached skill level 1 in Invocations
  6128 | D:7      | Found a sparkling altar of Nemelex Xobeh.
  6555 | D:8      | Found a blossoming altar of Fedhas.
  6638 | D:8      | Reached ** piety under Elyvilon
  6801 | D:8      | Found a staircase to the Lair.
  6807 | D:8      | Found a glowing golden altar of the Shining One.
  6897 | D:8      | Noticed a two-headed ogre
  6907 | D:8      | Killed a two-headed ogre
  6907 | D:8      | Reached skill level 9 in Fighting
  6921 | D:8      | Got a pair of fine boots
  6944 | D:8      | Identified the +0 pair of boots "Puaset" {rPois rF- Dex+6}
                  | (You found it on level 8 of the Dungeon)
  7289 | D:8      | Noticed a two-headed ogre
  7292 | D:8      | Reached skill level 10 in Fighting
  7295 | D:8      | HP: 34/85 [two-headed ogre/giant spiked club (8)]
  7298 | D:8      | Killed a two-headed ogre
  7298 | D:8      | Reached skill level 5 in Invocations
  7298 | D:8      | Reached XP level 10. HP: 38/94 MP: 14/14
  8142 | D:9      | Reached skill level 11 in Fighting
  8312 | D:9      | Reached *** piety under Elyvilon
  8315 | D:9      | Got a flickering platinum ring
  8324 | D:9      | Identified the ring of the Neverending Cities {rF+ EV+2
                  | SInv} (You found it on level 9 of the Dungeon)
  8637 | D:10     | Entered Level 10 of the Dungeon
  8749 | D:10     | Found a staircase to the Orcish Mines.
  9045 | D:10     | Reached **** piety under Elyvilon
  9131 | D:10     | Noticed an unseen horror
  9145 | D:10     | Killed an unseen horror
  9260 | D:10     | Noticed Josephine
  9944 | D:11     | Noticed a red ugly thing
 10003 | D:11     | Noticed a cyan ugly thing
 10003 | D:11     | Noticed a white ugly thing
 10011 | D:10     | Killed a cyan ugly thing
 10196 | D:11     | HP: 22/97 [white ugly thing (32)]
 10197 | D:11     | Elyvilon protects you from harm!
 10198 | D:11     | Elyvilon protects you from harm!
 10205 | D:11     | HP: 10/97 [hornet (3)]
 10206 | D:11     | Noticed a cyclops
 10208 | D:11     | Elyvilon protects you from harm!
 10210 | D:11     | HP: 28/97 [poisoned by a hornet]
 10215 | D:11     | HP: 16/97 [poisoned by a hornet]
 10220 | D:11     | HP: 15/97 [poisoned by a hornet]
 10427 | D:11     | Killed a red ugly thing
 10646 | D:10     | HP: 38/97 [killer bee (4)]
 10651 | D:10     | HP: 35/97 [poisoned by a killer bee]
 10657 | D:10     | HP: 34/97 [poisoned by a killer bee]
 10663 | D:10     | HP: 34/97 [poisoned by a killer bee]
 10671 | D:10     | HP: 34/97 [poisoned by a killer bee]
 11165 | D:11     | HP: 37/97 [cyclops (28)]
 11168 | D:11     | Killed a cyclops
 11168 | D:11     | Reached XP level 11. HP: 35/104 MP: 14/16
 11614 | D:11     | Found a runed gate.
 11615 | D:11     | Found an opulent altar of Gozag.
 11615 | D:11     | Noticed a centaur warrior
 11615 | D:11     | Noticed Valentain's ghost (journeyman MfVM)
 11616 | D:11     | Found a runed gate.
 11616 | D:11     | Found a runed gate.
 11617 | D:11     | Found Ecvetuv's Assorted Antiques.
 11759 | D:11     | Killed a white ugly thing
 12049 | D:12     | Found a frozen archway.
 12067 | D:12     | HP: 41/104 [white imp/puff of frost (12)]
 12343 | IceCv    | Entered an ice cave
 12594 | D:12     | Noticed a brown ugly thing
 12604 | D:12     | Killed a brown ugly thing
 12732 | D:12     | Reached ***** piety under Elyvilon
 13290 | D:13     | Reached skill level 5 in Axes
 13575 | D:13     | Noticed a wizard
 13596 | D:13     | Noticed a wizard
 13600 | D:13     | Killed a wizard
 13609 | D:13     | Pacified a wizard
 13919 | D:13     | Noticed a vault guard
 13937 | D:13     | Killed a vault guard
 13955 | D:13     | Noticed Erolcha
 13959 | D:13     | Pacified Erolcha
 13959 | D:13     | Reached skill level 10 in Axes
 13982 | D:13     | Noticed a wizard
 13983 | D:13     | Pacified a wizard
 14039 | D:13     | Noticed a vault guard
 14069 | D:13     | Killed a vault guard
 14069 | D:13     | Reached XP level 12. HP: 75/111 MP: 17/17
 14303 | D:13     | HP: 28/111 [??? (25)]
 15104 | D:14     | Noticed a two-headed ogre
 15168 | D:14     | Killed a two-headed ogre
 15462 | D:14     | Reached skill level 12 in Fighting
 16499 | D:15     | Entered Level 15 of the Dungeon
 16612 | D:15     | Noticed a seven-headed hydra
 16633 | D:15     | Killed a seven-headed hydra
 16795 | D:15     | Noticed a two-headed ogre
 16821 | D:15     | HP: 40/113 [two-headed ogre/dire flail of protection (15)]
 16825 | D:15     | Killed a two-headed ogre
 17543 | D:15     | Found a deep blue altar of Sif Muna.
 17682 | D:15     | Noticed an ogre mage
 17686 | D:15     | Killed an ogre mage
 17686 | D:15     | Reached skill level 13 in Fighting
 17687 | D:15     | Noticed a two-headed ogre
 17687 | D:15     | Noticed a two-headed ogre
 17769 | D:15     | Noticed a two-headed ogre
 17778 | D:15     | Killed a two-headed ogre
 17980 | D:15     | Reached XP level 13. HP: 108/122 MP: 18/18
 18083 | D:15     | Found a shattered altar of Ashenzari.
 18402 | D:15     | Found a runed gate.
 18403 | D:15     | Found a runed gate.
 18404 | D:15     | Found a runed gate.
 18405 | D:15     | Noticed bananovenc's ghost (journeyman GrBe)
 18459 | D:15     | Reached skill level 15 in Axes
 18512 | D:15     | Noticed a fire dragon
 18546 | D:15     | HP: 44/122 [fire dragon (8)]
 18547 | D:15     | Killed a fire dragon
 18737 | D:15     | Noticed a fire dragon
 18752 | D:15     | Killed a fire dragon
 18880 | D:15     | Found a staircase to the Depths.
 19313 | D:13     | Noticed Azrael
 19330 | D:13     | Killed Azrael
 19449 | D:13     | Found a gate to the Vaults.
 19619 | D:11     | HP: 32/122 [centaur warrior/arrow (17)]
 19619 | D:11     | HP: 14/122 [yaktaur/bolt (18)]
 19628 | D:11     | HP: 31/122 [ogre/giant club (3)]
 20072 | D:11     | Killed Valentain's ghost
 20130 | D:11     | Bought a scroll labeled VUESOSEHIE for 23 gold pieces
 20138 | D:11     | Bought a scroll of identify for 46 gold pieces
 20138 | D:11     | Bought a scroll of enchant weapon for 172 gold pieces
 20286 | Depths:1 | Entered Level 1 of the Depths
 20462 | Depths:1 | Found Duipitz's Demolitions Depot.
 20468 | Depths:1 | Noticed Asterion
 20469 | Depths:1 | Noticed a frost giant
 20473 | Depths:1 | Noticed an Executioner
 20477 | Depths:1 | Killed Asterion
 20478 | Depths:1 | Noticed a fire dragon
 20482 | Depths:1 | Killed a frost giant
 20488 | Depths:1 | Killed a fire dragon
 20505 | Depths:1 | Noticed a stone giant
 20505 | Depths:1 | Reached skill level 14 in Fighting
 20513 | Depths:1 | Killed a stone giant
 20514 | Depths:1 | Noticed an ettin
 20716 | Depths:1 | Killed an ettin
 20716 | Depths:1 | Reached skill level 10 in Invocations
 20934 | Depths:1 | Found a gateway to Hell.
 20989 | Depths:1 | Bought a lamp of fire for 520 gold pieces
 20989 | Depths:1 | Bought a wand of disintegration (13) for 221 gold pieces
 21055 | Depths:1 | Noticed Saint Roka
 21088 | Depths:1 | Killed Saint Roka
 21088 | Depths:1 | Reached skill level 5 in Shields
 21317 | Depths:1 | Noticed an ettin
 21954 | D:15     | Reached XP level 14. HP: 123/132 MP: 20/20
 22241 | Depths:1 | HP: 50/132 [ettin/dire flail (36)]
 22244 | Depths:1 | HP: 21/132 [ettin/dire flail (14)]
 22245 | Depths:1 | HP: 8/132 [ettin/dire flail (13)]
 22257 | Depths:1 | Was placed under penance by Elyvilon
 22498 | Depths:1 | Noticed a tengu reaver
 22535 | D:15     | Reached skill level 5 in Armour
 23523 | D:15     | Killed a tengu reaver
 23892 | Depths:1 | Noticed a fire giant
 23901 | Depths:1 | Killed a fire giant
 24126 | Depths:1 | Paralysed by an ogre mage for 6 turns
 24300 | Depths:1 | Noticed a lich
 24305 | Depths:1 | Noticed Sojobo
 24306 | Depths:1 | Noticed a tengu reaver
 24312 | Depths:1 | Noticed a frost giant
 24319 | Depths:1 | HP: 45/132 [frost giant/bolt of cold (16)]
 24322 | Depths:1 | Killed a frost giant
 24325 | Depths:1 | HP: 32/132 [deep troll (14)]
 24327 | Depths:1 | Reached skill level 10 in Shields
 24752 | Depths:1 | Killed a lich
 24952 | Depths:1 | Noticed a stone giant
 24974 | Depths:1 | Killed a stone giant
 25682 | Depths:2 | Noticed a fire giant
 25689 | Depths:2 | Killed a fire giant
 25974 | Depths:2 | Noticed a stone giant
 26094 | Depths:2 | Killed a stone giant
 26450 | Depths:2 | Reached skill level 15 in Fighting
 26586 | Depths:2 | Reached XP level 15. HP: 129/141 MP: 21/21
 27132 | Depths:2 | Noticed a sphinx
 27141 | Depths:2 | Killed a sphinx
 27304 | Depths:2 | Noticed a fire giant
 27318 | Depths:2 | HP: 54/141 [fire giant/fireball (10)]
 27319 | Depths:2 | Killed a fire giant
 27589 | Depths:2 | Was forgiven by Elyvilon
 27761 | Depths:2 | Found a one-way gate leading to the halls of Pandemonium.
 28122 | Depths:2 | Noticed a frost giant
 28136 | Depths:2 | Killed a frost giant
 28304 | Depths:2 | Reached skill level 16 in Fighting
 28767 | Depths:3 | Noticed a fire giant
 28777 | Depths:2 | Paralysed by a great orb of eyes for 2 turns
 29008 | Depths:3 | Killed a fire giant
 29231 | Depths:3 | Noticed a frost giant
 29246 | Depths:3 | Killed a frost giant
 29435 | Depths:3 | Found Gootakk's Magic Scroll Shoppe.
 29441 | Depths:3 | Bought a scroll of teleportation for 69 gold pieces
 29441 | Depths:3 | Bought a scroll of holy word for 172 gold pieces
 29441 | Depths:3 | Bought a scroll of teleportation for 69 gold pieces
 29600 | Depths:3 | Noticed a sphinx
 29600 | Depths:3 | Noticed a quicksilver dragon
 29773 | Depths:3 | Reached XP level 16. HP: 129/152 MP: 19/23
 29919 | Depths:3 | Paralysed by a great orb of eyes for 4 turns
 29982 | Depths:3 | Killed a sphinx
 30267 | Depths:3 | Noticed a shadow dragon
 30391 | Depths:2 | Killed a quicksilver dragon
 30578 | Depths:3 | Killed a shadow dragon
 30578 | Depths:3 | Reached skill level 10 in Armour
 30712 | Depths:3 | Noticed a shadow dragon
 30833 | Depths:3 | Killed a shadow dragon
 31087 | Depths:3 | Noticed an ancient lich
 31251 | Depths:3 | Noticed a tengu reaver
 31266 | Depths:3 | Killed a tengu reaver
 31266 | Depths:3 | Reached skill level 17 in Fighting
 31356 | Depths:3 | Noticed a quicksilver dragon
 31369 | Depths:3 | Killed a quicksilver dragon
 31613 | Depths:3 | Noticed a tentacled monstrosity
 31629 | Depths:3 | Killed a tentacled monstrosity
 31648 | Depths:3 | Identified Moahaq's Almanac of Black Arts
 31711 | Depths:3 | HP: 60/155 [iron dragon zombie (8)]
 31713 | Depths:3 | Killed an ancient lich
 31718 | Depths:3 | HP: 50/155 [iron dragon zombie (12)]
 31744 | Depths:3 | Paralysed by a vampire knight for 6 turns
 31747 | Depths:3 | HP: 58/155 [vampire knight/battleaxe (2)]
 31752 | Depths:3 | HP: 29/155 [frost giant/bolt of cold (11)]
 32125 | Depths:3 | Paralysed by a vampire knight for 3 turns
 32336 | Depths:3 | Noticed a shadow dragon
 32354 | Depths:3 | Killed a shadow dragon
 32951 | Depths:4 | Noticed a quicksilver dragon
 32963 | Depths:4 | Killed a quicksilver dragon
 32990 | Depths:4 | Reached XP level 17. HP: 150/163 MP: 25/25
 33128 | Depths:4 | Reached skill level 18 in Fighting
 33216 | Depths:4 | Found a one-way gate to the infinite horrors of the Abyss.
 33654 | Depths:4 | Found a gateway to a ziggurat.
 33936 | Depths:4 | Noticed a lich
 33948 | Depths:4 | Killed a lich
 34015 | Depths:4 | Noticed a tentacled monstrosity
 34023 | Depths:4 | Killed a tentacled monstrosity
 34057 | Depths:4 | Noticed a quicksilver dragon
 34061 | Depths:3 | Noticed a golden dragon
 34083 | Depths:3 | Killed a golden dragon
 34146 | Depths:3 | Killed a quicksilver dragon
 34586 | Depths:4 | Found the +8 lance "Wyrmbane" {slay drac, rPois rF+ rC+
                  | AC+3}
 34680 | Depths:4 | Noticed a tentacled monstrosity
 34711 | Depths:4 | Killed a tentacled monstrosity
 34984 | Depths:4 | Got a translucent ring mail
 34992 | Depths:4 | Identified the +2 ring mail "Vewez" {rPois rCorr Stlth-}
                  | (You found it on level 4 of the Depths)
 35026 | Depths:5 | Entered Level 5 of the Depths
 35289 | Depths:5 | Paralysed by a floating eye for 3 turns
 35557 | Depths:5 | Reached skill level 15 in Shields
 36410 | Depths:5 | Reached XP level 18. HP: 148/174 MP: 23/27
 36914 | Depths:5 | Paralysed by a floating eye for 2 turns
 36933 | Depths:5 | Reached skill level 19 in Fighting
 37091 | Depths:5 | Found a gate to the Realm of Zot.
 37124 | Depths:5 | HP: 35/176 [white draconian knight/shard of ice (42)]
 37431 | Depths:5 | Found a hazy altar of Hepliaklqana.
 37432 | Depths:5 | Found a deep blue altar of Sif Muna.
 37432 | Depths:5 | Found a shimmering altar of Xom.
 38159 | Depths:5 | Noticed a juggernaut
 38182 | Depths:5 | Killed a juggernaut
 38532 | Depths:5 | Noticed a tentacled monstrosity
 38532 | Depths:5 | Noticed a golden dragon
 38549 | Depths:5 | Killed a tentacled monstrosity
 38564 | Depths:5 | Killed a golden dragon
 38934 | Depths:5 | Noticed a juggernaut
 38943 | Depths:5 | HP: 55/177 [juggernaut (55)]
 38951 | Depths:5 | Killed a juggernaut
 38951 | Depths:5 | Reached skill level 15 in Armour
 39226 | Depths:5 | Noticed a lich
 39257 | Depths:5 | Killed a lich
 39423 | Depths:5 | Noticed a juggernaut
 39434 | Depths:5 | Killed a juggernaut
 39618 | Depths:5 | Reached skill level 20 in Fighting
 39640 | Depths:5 | Noticed a tentacled monstrosity
 39655 | Depths:5 | Killed a tentacled monstrosity
 39672 | Depths:5 | Reached skill level 15 in Invocations
 39703 | Depths:5 | Reached XP level 19. HP: 125/185 MP: 18/29
 39906 | Depths:5 | Noticed a juggernaut
 39909 | Depths:5 | Noticed a lich
 39919 | Depths:5 | Killed a juggernaut
 39925 | Depths:5 | Killed a lich
 40185 | Depths:5 | Noticed a golden dragon
 40727 | Depths:5 | Killed a golden dragon
 41265 | Depths:5 | Reached skill level 21 in Fighting
 41436 | Depths:5 | HP: 36/189 [titan/bolt of lightning (40)]
 41436 | Depths:5 | HP: 7/189 [titan/bolt of lightning (29)]
 41441 | Depths:5 | HP: 12/189 [titan/the air (21)]
 41445 | Depths:5 | Slain by a titan

Skill      XL: |  1  2  3  4  5  6  7  8  9 10 11 12 13 14 15 16 17 18 19 |
---------------+----------------------------------------------------------+-----
Axes           | 3 4 11 14 16 17 | 17.3
Fighting       | 3 4 5 6 7 8 10 11 13 14 15 16 17 18 20 21 | 21.0
Maces & Flails | 2 3 4 5 8 9 |  9.4
Evocations     | 1 4 6 7 |  7.0
Armour         | 4 8 9 11 13 15 16 | 16.9
Invocations    | 5 8 9 10 12 13 15 | 15.0
Shields        | 6 11 13 14 15 | 15.0
Dodging        | 3 |  3.0
Throwing       | |  1.0
Spellcasting   | |  1.3
Translocations | |  2.1

Action                   |  1- 3 |  4- 6 |  7- 9 | 10-12 | 13-15 | 16-18 | 19-21 || total
-------------------------+-------+-------+-------+-------+-------+-------+-------++-------
Melee: Hand axe          |    43 |     1 |       |       |       |       |       ||    44
       Headbutt          |     2 |    17 |    64 |   122 |   164 |   280 |    45 ||   694
       Whip              |       |   150 |   341 |   151 |       |       |       ||   642
       Dire flail        |       |       |       |   232 |       |       |       ||   232
       Battleaxe         |       |       |       |   352 |   104 |       |       ||   456
       War axe           |       |       |       |     3 |       |       |       ||     3
       Broad axe         |       |       |       |       |   681 |  1078 |   152 ||  1911
Throw: Tomahawk          |     2 |     3 |     5 |       |       |       |       ||    10
       Throwing net      |       |       |       |       |       |       |     1 ||     1
 Cast: Blink             |       |       |       |     1 |       |       |       ||     1
Invok: Divine Protection |       |       |       |     3 |     2 |     1 |     1 ||     7
       Lesser Healing    |       |       |       |     2 |     6 |     5 |     4 ||    17
       Greater Healing   |       |       |       |     5 |     6 |     5 |       ||    16
       Heal Other        |       |       |       |     8 |     7 |     7 |     1 ||    23
       Purification      |       |       |       |       |       |     1 |     2 ||     3
Evoke: Wand              |       |       |     4 |    19 |    27 |    11 |       ||    61
       Lamp of fire      |       |       |       |       |     3 |     6 |     1 ||    10
       Lightning rod     |       |       |       |       |       |    11 |     2 ||    13
  Use: Scroll            |     4 |     1 |     8 |    19 |    15 |     8 |     4 ||    59
       Potion            |       |       |       |     4 |     9 |     9 |     2 ||    24
 Stab: Invisible         |       |       |       |       |     4 |     6 |       ||    10
       Distracted        |       |       |       |       |     2 |       |       ||     2
  Eat: Chunk             |     6 |    12 |    10 |    18 |    18 |    21 |     5 ||    90
       Ration            |       |       |       |     5 |     7 |     5 |     1 ||    18
Armor: Leather armour    |     9 |    14 |       |       |       |       |       ||    23
       Chain mail        |       |    27 |       |       |       |       |       ||    27
       Scale mail        |       |     5 |       |       |       |       |       ||     5
       Ring mail         |       |    10 |   130 |   368 |    81 |    29 |       ||   618
       Plate armour      |       |       |       |       |   301 |   396 |       ||   697
       Skin              |       |       |       |       |     5 |       |       ||     5
       Gold dragon scale |       |       |       |       |       |    43 |   128 ||   171
Dodge: Dodged            |    28 |    78 |   145 |   467 |   217 |   218 |    46 ||  1199
Block: Shield            |       |       |       |       |   341 |   473 |     6 ||   820
